AoeStats
← 兼职部诗人

Arena

505274575Analyzed
4v4 RM · 23d ago on Sep 8, 2026· 53m 32s· 8 players
Game mode
Random Map
Map size
Large (8 player)
Population
200
Speed
Normal
Resources
Standard
Victory
Conquest
Starting age
Dark Age
Ending age
Imperial Age
RankedLock teamsTeams togetherTeam positionsShared explorationLock speedFull tech treeHidden civsTurbo modeCheats
Victory
Defeat
🇨🇳 Khmer · China
814
+14
🇹🇷 Poles · Türkiye
764
+17
🇭🇰 Teutons · Hong Kong SAR China
763
+17
762
+17
🇫🇷 Tupi · France
854
-19
🇪🇪 Burgundians · Estonia
823
-18
🇲🇽 Byzantines · Mexico
767
-16
🇨🇿 Inca · Czechia
667
-12
路一司
10:56 Feudal Age
14:45 Castle Age
16:03 Double-Bit Axe
16:00 Horse Collar
25:24 Gold Mining
25:24 Stone Mining
26:15 Bow Saw
28:05 Gold Shaft Mining
28:06 Stone Shaft Mining
27:42 Heavy Plow
31:27 Imperial Age
32:15 Wheelbarrow
32:37 Conscription
31:38 Elite Ballista Elephant
32:18 Double Crossbow
31:51 Elite Ballista Elephant
32:56 Scale Barding Armor
33:56 Chemistry
33:16 Ballistics
33:09 Siege Engineers
33:17 Masonry
33:17 Fortified Wall
33:51 Hand Cart
33:21 Loom
33:22 Town Watch
34:40 Husbandry
34:50 Bloodlines
36:35 Town Patrol
37:30 Crop Rotation
49:13 Caravan
50:01 Coinage
兼职部诗人
12:02 Feudal Age
12:57 Horse Collar
13:05 Double-Bit Axe
18:21 Castle Age
17:17 Stone Mining
17:17 Gold Mining
20:53 Bow Saw
23:35 Stone Shaft Mining
23:03 Heavy Plow
24:48 Wheelbarrow
26:18 Scale Barding Armor
26:13 Scale Mail Armor
26:23 Forging
28:45 Chain Barding Armor
28:42 Chain Mail Armor
33:25 Imperial Age
34:35 Iron Casting
33:41 Cavalier
36:18 Capped Ram
36:24 Elite Teutonic Knight
40:14 Conscription
42:07 Blast Furnace
43:05 Plate Mail Armor
43:11 Plate Barding Armor
42:50 Siege Engineers
DARK STORM7984
10:28 Feudal Age
11:32 Double-Bit Axe
11:28 Horse Collar
18:57 Castle Age
16:56 Stone Mining
19:04 Wheelbarrow
19:37 Heavy Plow
19:49 Bow Saw
20:35 Gold Mining
22:45 Loom
23:36 Hand Cart
24:19 Stone Shaft Mining
29:59 Imperial Age
28:10 Scale Barding Armor
28:16 Forging
28:07 Scale Mail Armor
29:50 Chain Barding Armor
29:43 Fortified Wall
29:54 Ballistics
28:58 Pikeman
29:38 Squires
30:13 Bloodlines
30:11 Husbandry
29:53 Light Cavalry
31:17 Iron Casting
31:10 Winged Hussar
31:40 Arrowslits
32:38 Conscription
32:18 Town Watch
33:19 Crop Rotation
34:45 Lechitic Legacy
38:19 Fletching
38:30 Padded Archer Armor
38:44 Arson
39:58 Leather Archer Armor
39:39 Bodkin Arrow
39:39 Guard Tower
41:02 Chemistry
44:26 Capped Ram
45:48 Bombard Tower
46:05 Keep
48:03 Siege Ram
50:16 Blast Furnace
49:31 Chain Mail Armor
54:39 Plate Mail Armor
54:09 Bracer
54:22 Clinker Construction
[Land Rover] AOE-Defender
9:40 Feudal Age
16:00 Castle Age
15:08 Double-Bit Axe
16:10 Loom
16:51 Bow Saw
23:11 Fletching
26:43 Town Watch
28:54 Horse Collar
31:45 Bodkin Arrow
31:50 Padded Archer Armor
31:56 Scale Barding Armor
33:42 Gold Mining
33:50 Murder Holes
34:16 Leather Archer Armor
34:22 Chain Barding Armor
38:40 Wheelbarrow
41:38 Imperial Age
40:59 Scale Mail Armor
41:09 Forging
41:32 Stone Mining
43:51 Conscription
43:13 Elite Conquistador
43:17 Cavalier
44:08 Elite Conquistador
45:10 Bloodlines
45:00 Husbandry
47:01 Ballistics
49:05 Light Cavalry
50:03 Hussar
50:04 Paladin
50:27 Elite Skirmisher
51:12 Thumb Ring
50:35 Paladin
51:58 Thumb Ring
BabassLaMenace
5:34 Loom
11:03 Feudal Age
12:25 Horse Collar
12:30 Double-Bit Axe
19:53 Castle Age
17:54 Stone Mining
18:08 Gold Mining
21:46 Heavy Plow
22:16 Bow Saw
23:08 Gold Shaft Mining
26:59 Scale Mail Armor
27:04 Padded Archer Armor
29:20 Wheelbarrow
28:32 Town Watch
32:26 Imperial Age
30:53 Ballistics
30:15 Treadmill Crane
31:22 Heated Shot
31:28 Murder Holes
31:24 Guard Tower
31:31 Fletching
32:22 Leather Archer Armor
32:31 Chain Mail Armor
32:26 Forging
33:55 Ring Archer Armor
33:21 Bodkin Arrow
34:00 Plate Mail Armor
34:34 Chemistry
33:21 Arrowslits
35:18 Two-Man Saw
34:22 Caravan
34:53 Coinage
34:28 Caravan
35:13 Iron Casting
34:04 Elite Skirmisher
34:06 Pikeman
34:48 Squires
34:34 Arson
34:27 Crossbowman
37:02 Banking
36:55 Bracer
37:22 Conscription
36:55 Elite Blackwood Archer
38:21 Curare
38:09 Sappers
38:09 Arbalester
38:13 Champi Runner
38:19 Halberdier
39:59 Keep
40:14 Champi Warrior
44:29 Hand Cart
47:23 Devotion
47:33 Redemption
47:44 Sanctity
47:44 Heresy
48:00 Theocracy
47:36 Herbal Medicine
48:06 Illumination
47:08 Onager
47:18 Capped Ram
50:53 Siege Ram
sarkany_CZ
8:29 Loom
10:37 Feudal Age
11:05 Double-Bit Axe
14:10 Horse Collar
17:17 Castle Age
17:09 Gold Mining
18:51 Bow Saw
18:36 Fletching
18:48 Heavy Plow
18:43 Stone Mining
24:35 Squires
29:24 Padded Archer Armor
35:33 Bodkin Arrow
35:54 Leather Archer Armor
36:10 Forging
36:03 Scale Mail Armor
37:26 Gold Shaft Mining
40:56 Andean Sling
44:04 Wheelbarrow
43:16 Town Watch
47:32 Hand Cart
47:19 Town Patrol
54:38 Imperial Age
Intensivist
0:32 Loom
7:53 Wheelbarrow
10:46 Feudal Age
10:15 Double-Bit Axe
11:11 Gold Mining
11:44 Hand Cart
12:01 Bow Saw
14:47 Horse Collar
20:28 Castle Age
19:43 Stone Mining
20:37 Gold Shaft Mining
20:05 Heavy Plow
21:31 Stone Shaft Mining
21:37 Stone Shaft Mining
26:29 Two-Man Saw
29:27 Squires
32:29 Imperial Age
34:41 Fletching
36:48 Murder Holes
36:34 Treadmill Crane
40:16 Chemistry
39:26 Bodkin Arrow
41:51 Fortified Wall
41:52 Masonry
43:30 Bracer
43:31 Padded Archer Armor
43:37 Scale Barding Armor
43:32 Scale Mail Armor
43:43 Forging
44:06 Crop Rotation
44:09 Architecture
44:01 Ballistics
44:02 Bombard Tower
46:02 Conscription
46:18 Hoardings
45:49 Burgundian Vineyards
47:28 Caravan
47:59 Man-at-Arms
51:36 Town Watch
52:42 Chain Mail Armor
yabin.belrojo
14:35 Feudal Age
16:04 Horse Collar
17:55 Gold Mining
18:03 Double-Bit Axe
18:11 Stone Mining
19:48 Wheelbarrow
22:10 Castle Age
24:46 Heavy Plow
26:40 Gold Shaft Mining
26:23 Bow Saw
30:26 Imperial Age
29:51 Stone Shaft Mining
29:37 Hand Cart
33:15 Chemistry
33:31 Crop Rotation
38:17 Conscription
39:42 Two-Man Saw
39:14 Pikeman
40:31 Logistica
Connection lost

Rejoining the realm…

Still unreachable

The connection could not be restored.

Session expired

The server has moved on; the page needs a fresh start.